 Dungeon Crawl Stone Soup version 0.30-a0-141-g30f27751c5 (webtiles) character file.

Game seed: 12848926612998205960

240 qw the Chopper (level 6, -7/37 HPs)
             Began as a Gargoyle Fighter on Sept 25, 2022.
             Mangled by a gnoll
             ... wielding a +0 halberd
              (9 damage)
             ... on level 4 of the Dungeon.
             The game lasted 00:01:06 (3351 turns).

qw the Chopper (Gargoyle Fighter)                   Turns: 3351, Time: 00:01:07

Health: -7/37      AC: 11    Str: 22    XL:     6   Next: 8%
Magic:  6/6        EV:  9    Int:  8    God:
Gold:   81         SH:  4    Dex:  9    Spells: 5/5 levels left

rFire   . . .      SeeInvis +    Y - +0 war axe
rCold   . . .      Faith    .    c - +0 buckler
rNeg    + . .      Spirit   .    b - +0 scale mail
rPois   inf        Reflect  .    (no helmet)
rElec   +          Harm     .    (no cloak)
rCorr   +          Rampage  .    (no gloves)
Will    .....                    (no boots)
Stlth   ..........               (no amulet)
HPRegen 0.12/turn                e - ring of see invisible
MPRegen 0.10/turn                q - ring of resist corrosion

@: about to teleport
A: sickness immunity, AC +4, negative energy resistance 1, electricity
resistance, torment resistance 1, petrification resistance
a: no special abilities


You were on level 4 of the Dungeon.
You visited 1 branch of the dungeon, and saw 4 of its levels.

You collected 131 gold pieces.
You spent 50 gold pieces at shops.


Innate Abilities, Weirdness & Mutations

You are immune to sickness and miasma.
Your stone body is resilient. (AC +4)
You are immune to poison.
You resist negative energy. (rN+)
You are resistant to electric shocks. (rElec)
You are resistant to unholy torment.
You are immune to petrification.


   Skills:
 + Level 3.5 Fighting
 - Level 5.1 Axes
 - Level 1.7 Throwing
 - Level 3.2 Armour
 - Level 3.2 Shields


You had 5 spell levels left.
You didn't know any spells.
Your spell library was empty.

Inventory:

Hand Weapons
 k - a +0 flail
 Y - a +0 war axe (weapon)
Missiles
 a - a boomerang
 m - a javelin (quivered)
Armour
 b - a +0 scale mail (worn)
 c - a +0 buckler (worn)
Jewellery
 e - a ring of see invisible (left hand)
 i - a ring of fire
 q - a ring of resist corrosion (right hand)
Scrolls
 h - a scroll of identify
 l - a scroll of enchant armour
Potions
 d - a potion of might
 f - a potion of haste
 g - a potion of attraction {unknown}
 n - a potion of magic {unknown}
 o - a potion of lignification
 p - a potion of flight {unknown}

Dungeon Overview and Level Annotations

Branches:
Dungeon (4/15)
 Temple: D:4-7

Altars:
Uskayaw

Shops:
D:2 [?[

Annotations:
D:3 3 runed translucent doors, qw's ghost, amateur GrFi


Message History

A gnoll comes into view. It is wielding a +0 halberd.
The gnoll shouts!
A gnoll comes into view. It is wielding a +0 spear.
The gnoll shouts!
You block the gnoll's attack.
You closely miss the gnoll.
The gnoll hits you from afar with a +0 halberd.
The gnoll hits you but does no damage.
You hit the gnoll.
The gnoll is moderately wounded.
The gnoll hits you but does no damage. You block the gnoll's attack.
You barely miss the gnoll.
The gnoll is moderately wounded.
The gnoll barely misses you. The gnoll closely misses you.
The gnoll hits you but does no damage. x2; You block the gnoll's attack.
The gnoll hits you from afar with a +0 halberd!
You closely miss the gnoll.
The gnoll is moderately wounded.
The gnoll closely misses you.
The gnoll hits you from afar with a +0 spear.
The gnoll hits you from afar with a +0 halberd.
You hit the gnoll but do no damage.
The gnoll is moderately wounded.
The gnoll barely misses you. You block the gnoll's attack.
The gnoll hits you but does no damage.
You hit the gnoll.
The gnoll is severely wounded.
You block the gnoll's attack. The gnoll hits you with a +0 spear.
You block the gnoll's attack.
You slash the gnoll!
You kill the gnoll!
The gnoll hits you from afar with a +0 halberd!
The gnoll barely misses you. The gnoll closely misses you.
The gnoll hits you but does no damage. The gnoll hits you with a +0 halberd!
The gnoll barely misses you.
3351 ||| READING scroll of teleportation.
As you read the scroll of teleportation, it crumbles to dust.
You feel strangely unstable. You block the gnoll's attack.
The gnoll hits you with a +0 halberd!
You die...

.. # ##. # # .. . # .#.#
# .. #####.#.# # #.
#.......# # #..
#..gg...# # #..
#..@)...### #
#..##.........# #
#..........##.# #
##P............# #
##.PP..%......### #
#....7P..###+#...
#######....77.P....#.###
##.....P..P 77P..### .
##.###PP777 7.7P# #


You could see 2 gnolls.

Vanquished Creatures
  A hound (D:4)
  Natasha (D:2)
  5 adders
  5 gnolls
  A worm (D:3)
  3 dart slugs
  6 orcs
  9 ball pythons
  10 endoplasms
  6 giant cockroaches
  8 goblins
  6 hobgoblins
  2 quokkas (D:1)
  8 bats
  6 frilled lizards
  4 kobolds
81 creatures vanquished.

Vanquished Creatures (others)
  A plant (D:4)
1 creature vanquished.

Grand Total: 82 creatures vanquished

Notes
Turn   | Place    | Note
-------+----------+-------------------------------------------
     0 | D:1      | qw the Gargoyle Fighter began the quest for the Orb.
     0 | D:1      | Reached XP level 1. HP: 14/14 MP: 1/1
     0 | D:1      | 0 ||| qw: Version: 0.2-a-10-g399e6c4
     0 | D:1      | 0 ||| qw: Game counter: 230
     0 | D:1      | 0 ||| qw: Always use a shield: true
     0 | D:1      | 0 ||| qw: God list: Okawaru
     0 | D:1      | 0 ||| qw: Allow faded altars: false
     0 | D:1      | 0 ||| qw: Do Orc after D:15 true
     0 | D:1      | 0 ||| qw: Do second Lair branch before Depths: true
     0 | D:1      | 0 ||| qw: Lair rune preference: random
     0 | D:1      | 0 ||| qw: Plans: Normal, Zot:1-4, God:TSO, Crypt, Tomb,
                  | Pan, Slime:5, Hells, Abyss, Orb
     0 | D:1      | 0 ||| PLANNING D:1-11
    44 | D:1      | 44 ||| Stepping ~*~*~tactically~*~*~ (hiding).
    49 | D:1      | 49 ||| Stepping ~*~*~tactically~*~*~ (hiding).
    53 | D:1      | Reached skill level 2 in Axes
   234 | D:1      | Reached XP level 2. HP: 19/19 MP: 2/2
   612 | D:1      | Found a faded altar of an unknown god.
   770 | D:1      | Reached skill level 3 in Axes
   779 | D:1      | 779 ||| DROPPING +0 club.
   826 | D:1      | Reached XP level 3. HP: 23/23 MP: 3/3
  1226 | D:1      | 1226 ||| DROPPING amulet of faith.
  1227 | D:1      | 1227 ||| DROPPING ring of wizardry.
  1228 | D:1      | 1228 ||| READING scroll labelled LAUWKUU SUHIL.
  1229 | D:1      | 1229 ||| READING scroll labelled ZAT ZUOTUM.
  1382 | D:2      | Found Omycevua's Armour Emporium.
  1391 | D:2      | 1391 ||| SHOPLISTING +0 chain mail (58 gold, have 39).
  1391 | D:2      | 1391 ||| SHOPLISTING +0 pair of gloves (58 gold, have 39).
  1536 | D:2      | Found Mottics's Magic Scroll Shop.
  1540 | D:2      | 1540 ||| SHOPLISTING scroll of enchant armour (75 gold,
                  | have 52).
  1540 | D:2      | 1540 ||| SHOPLISTING scroll of enchant weapon (75 gold,
                  | have 52).
  1540 | D:2      | 1540 ||| BUYING scroll of identify (20 gold).
  1540 | D:2      | Bought a scroll of identify for 20 gold pieces
  1540 | D:2      | 1540 ||| BUYING scroll of teleportation (30 gold).
  1540 | D:2      | Bought a scroll of teleportation for 30 gold pieces
  1540 | D:2      | 1540 ||| SHOPLISTING scroll of teleportation (30 gold, have
                  | 2).
  1788 | D:2      | Noticed Natasha
  1790 | D:2      | Found Xinarida's Armour Boutique.
  1793 | D:2      | Killed Natasha
  1794 | D:2      | Reached skill level 1 in Throwing
  1794 | D:2      | Reached XP level 4. HP: 28/28 MP: 4/4
  1803 | D:2      | 1803 ||| SHOPLISTING +0 plate armour (322 gold, have 21).
  1803 | D:2      | 1803 ||| SHOPLISTING +1 robe of the Zealous Jackalope {rC++
                  | Str+4} (540 gold, have 21).
  1803 | D:2      | 1803 ||| SHOPLISTING +2 chain mail of cold resistance (301
                  | gold, have 21).
  1968 | D:2      | 1968 ||| READING scroll labelled INUCIB YDWU.
  1969 | D:2      | 1969 ||| READING scroll labelled KYS GYKAGESH.
  1970 | D:2      | 1970 ||| READING scroll labelled KEFOHE TO NEG.
  1971 | D:2      | 1971 ||| READING scroll labelled DESIOH USHEKOMP.
  1972 | D:2      | 1972 ||| DRINKING 2 fuming orange potions.
  2003 | D:2      | 2003 ||| READING 2 scrolls of identify.
  2003 | D:2      | 2003 ||| IDENTIFYING blue potion
  2004 | D:2      | 2004 ||| DROPPING potion of invisibility.
  2029 | D:3      | 2029 ||| STAIRDANCE
  2052 | D:3      | Found a runed translucent gate.
  2053 | D:3      | Found a runed translucent gate.
  2073 | D:3      | 2073 ||| Stepping ~*~*~tactically~*~*~ (hiding).
  2182 | D:3      | Reached skill level 4 in Axes
  2188 | D:3      | Reached XP level 5. HP: 32/32 MP: 5/5
  2566 | D:3      | Found a runed translucent gate.
  2568 | D:3      | Noticed a kobold brigand
  2569 | D:3      | Noticed qw's ghost (amateur GrFi)
  2595 | D:3      | 2595 ||| Stepping ~*~*~tactically~*~*~ (hiding).
  2803 | D:3      | 2803 ||| UPGRADING to ring of see invisible.
  2804 | D:3      | 2804 ||| UPGRADING to ring of resist corrosion.
  2805 | D:3      | 2805 ||| READING scroll labelled DAZOAKLELO.
  2806 | D:3      | 2806 ||| READING scroll labelled MEIM BUZOI.
  2807 | D:3      | 2807 ||| READING 2 scrolls of identify.
  2807 | D:3      | 2807 ||| IDENTIFYING sedimented grey potion
  2825 | D:4      | 2825 ||| Stepping ~*~*~tactically~*~*~ (stealth).
  2827 | D:4      | 2827 ||| STAIRDANCE
  2843 | D:4      | 2843 ||| STAIRDANCE
  2851 | D:4      | 2851 ||| STAIRDANCE
  2979 | D:3      | 2979 ||| DROPPING +0 mace.
  2986 | D:4      | 2986 ||| STAIRDANCE
  3156 | D:4      | Reached skill level 5 in Axes
  3156 | D:4      | Reached XP level 6. HP: 32/37 MP: 6/6
  3241 | D:4      | Noticed a +0 short sword
  3247 | D:4      | Found a hide-covered altar of Uskayaw.
  3247 | D:4      | Noticed a +0 spear
  3247 | D:4      | Noticed a +0 falchion
  3247 | D:4      | Noticed a +0 spear
  3247 | D:4      | Noticed a +0 short sword
  3248 | D:4      | Noticed a +0 falchion
  3248 | D:4      | Noticed a +0 dagger
  3249 | D:4      | Noticed a +0 dagger
  3305 | D:4      | 3305 ||| Stepping ~*~*~tactically~*~*~ (hiding).
  3350 | D:4      | HP: 2/37 [gnoll/+0 halberd (9)]
  3351 | D:4      | 3351 ||| READING scroll of teleportation.
  3351 | D:4      | Mangled by a gnoll

Levels and vault maps discovered:
D:1:      onia_arrival_mini_spirals, layout_basic,
          hellmonk_ecumenical_altar_defaced_shrine
D:2:      layout_basic, serial_shops, shop_statue, nicolae_lakefront_shop,
          shop_statue, kennysheep_flooded_box, uniq_natasha
D:3:      layout_rooms, gammafunk_ghost_nasty_kobolds, minmay_three_crescents
D:4:      layout_basic, nicolae_uskayaw_en_pointe, serial_forest,
          infiniplex_forest_clump_tiny, infiniplex_forest_lined_3_way,
          infiniplex_forest_clump_cross, infiniplex_forest_straight_2,
          uniq_sigmund

Skill      XL: |  1  2  3  4  5 |
---------------+----------------+-----
Axes           | 2 3 4 5 |  5.1
Throwing       | 1 |  1.7
Fighting       | |  3.5
Armour         | |  3.2
Shields        | |  3.2

Action                   |  1- 3 |  4- 6 || total
-------------------------+-------+-------++-------
Melee: War axe           |    85 |    91 ||   176
Throw: Javelin           |    22 |    19 ||    41
       Boomerang         |     1 |    16 ||    17
  Use: Scroll            |     2 |     9 ||    11
       Potion            |       |     1 ||     1
Armor: Scale mail        |    42 |    52 ||    94
Dodge: Dodged            |    36 |    56 ||    92
Block: Buckler           |    15 |    31 ||    46

Table legend:
 A = Non-vault XP
 B = Vault XP
 C = Vault XP percentage of total XP
 D = Non-vault monster count
 E = Vault monster count
 F = Vault count percentage of total count
                 A         B        C        D         E       F
            +---------+---------+-------+---------+---------+-------
      Total |     297 |      46 |  13.4 |      74 |       7 |   8.6
            +---------+---------+-------+---------+---------+-------
        D:1 |      35 |       0 |   0.0 |      21 |       0 |   0.0
        D:2 |      58 |      36 |  38.3 |      21 |       1 |   4.5
        D:3 |     136 |      10 |   6.8 |      25 |       6 |  19.4
        D:4 |      68 |       0 |   0.0 |       7 |       0 |   0.0
            +---------+---------+-------+---------+---------+-------
